 Dungeon Crawl Stone Soup version 0.30.1-4-g462c640d31 (webtiles) character file.

Game seed: 11713574829825188830

827 safid the Chiller (level 7, 0/46 (56) HPs)
             Began as a Merfolk Ice Elementalist on Sept 1, 2023.
             Was a Follower of Vehumet.
             Slain by a wight
             ... wielding a +3 morningstar of freezing
              (2 damage)
             ... in an ossuary.
             The game lasted 00:06:58 (4150 turns).

safid the Chiller (Merfolk Ice Elementalist)        Turns: 4150, Time: 00:06:59

HP:   0/46 (56)     AC: 13    Str:  8    XL:     7   Next: 97%
MP:   11/14         EV: 12    Int: 17    God:    Vehumet [*.....]
Gold: 147           SH:  0    Dex: 14    Spells: 8/15 levels left

rFire   + . .        j - +1 short sword (drain)
rCold   + . .        (no shield)
rNeg    . . .        x - +2 robe {rC+}
rPois   .            w - +1 helmet {SInv}
rElec   .            (no cloak)
rCorr   .            (no gloves)
SInv    +            (no boots)
Will    .....        e - amulet of regeneration
Stlth   ++           v - ring of protection from fire
HPRegen 1.07/turn    (no ring)
MPRegen 0.14/turn

%: no passive effects
@: ice-armoured, freezing walls, heavily drained
A: (nimble swimmer 2), mertail
a: Renounce Religion


You were in an ossuary.
You worshipped Vehumet.
Vehumet was aware of your devotion.
You visited 2 branches of the dungeon, and saw 6 of its levels.
You also visited: Ossuary.

You collected 319 gold pieces.
You spent 172 gold pieces at shops.

Inventory:

Hand Weapons
 j - a +1 short sword of draining (weapon)
Missiles
 c - 3 curare-tipped darts
Armour
 w - a +1 helmet of see invisible (worn)
 x - a +2 robe of cold resistance (worn)
Jewellery
 e - an amulet of regeneration (around neck)
 r - a ring of ice
 v - a ring of protection from fire (left hand)
Wands
 t - a wand of flame (20)
 B - a wand of quicksilver (4)
Scrolls
 f - 3 scrolls of enchant armour {unknown}
 h - 3 scrolls of fog {unknown}
 i - a scroll of amnesia {unknown}
 k - 2 scrolls of magic mapping {unknown}
 m - 4 scrolls of identify {unknown}
 n - 2 scrolls of fear {unknown}
 q - 3 scrolls of teleportation {unknown}
 s - a scroll of noise {unknown}
 y - a scroll of enchant weapon {unknown}
 z - a scroll of acquirement {unknown}
 D - a scroll of summoning {unknown}
Potions
 a - a potion of flight {unknown}
 b - a potion of magic
 d - 3 potions of attraction {unknown}
 g - 4 potions of might {unknown}
 l - a potion of haste {unknown}
 o - 3 potions of heal wounds {unknown}
 p - a potion of curing {unknown}
 u - a potion of invisibility {unknown}
 A - a potion of berserk rage {unknown}
 C - a potion of mutation {unknown}


   Skills:
 + Level 5.2 Fighting
 - Level 2.6 Dodging
 - Level 2.1 Stealth
 + Level 4.9 Spellcasting
 + Level 7.0 Ice Magic


You had 8 spell levels left.
You knew the following spells:

 Your Spells              Type           Power      Damage    Failure   Level
a - Freeze                Ice            100%       1d10      1%          1
b - Frozen Ramparts       Ice            56%        1d9       2%          3
c - Ozocubu's Armour      Ice            28%        N/A       2%          3

Your spell library contained the following spells:

 Spells                   Type           Power      Damage    Failure   Level
 Sandblast                Erth           8%         2d5       14%         1
 Ice Form                 Ice/Tmut       16%        N/A       32%         4
 Summon Ice Beast         Ice/Summ       16%        N/A       32%         4


Dungeon Overview and Level Annotations

Branches:
Dungeon (5/15)             Temple (1/1) D:4         Ossuary (1/1)

Altars:
Ashenzari
Dithmenos
Elyvilon
Fedhas
Gozag
Hepliaklqana
Makhleb
Okawaru
Qazlal
Ru
Sif Muna
Trog
Uskayaw
Vehumet
Wu Jian
Xom
Yredelemnul
Zin
The Shining One

Shops:
D:4 (=:[


Innate Abilities, Weirdness & Mutations

((You are very nimble when in or above water. (Stealth+, EV+, Speed+++)))
Your lower body shifts to a powerful aquatic tail in water.


Message History

The wight is heavily damaged.
The wight hits you with a +3 morningstar of freezing.
You feel drained. The wight freezes you.
You closely miss the wight.
The wight is heavily damaged.
The wight hits you with a +3 morningstar of freezing!
You feel drained. The wight freezes you.
You are too injured to fight recklessly!
You are too injured to fight recklessly!
You are too injured to fight recklessly!
You are too injured to fight recklessly!
You are too injured to fight recklessly!
You are too injured to fight recklessly!
You are too injured to fight recklessly!
You are too injured to fight recklessly!
You are too injured to fight recklessly!
You are too injured to fight recklessly!
You are too injured to fight recklessly!
You are too injured to fight recklessly!
You are too injured to fight recklessly!
You are too injured to fight recklessly!
Unknown command.
Casting: Ozocubu's Armour (dangerous; 2% risk of failure)
Confirm with . or Enter, or press ? or * to list all spells.
Casting: Frozen Ramparts (dangerous; 2% risk of failure)
Press: ? - help, Dir - look around, f - activate An open door.
The walls around you are covered in ice.
The wight resists.
The wall freezes the wight.
The wight closely misses you.
Unknown command.
Unknown command.
You barely miss the wight.
The wight is heavily damaged.
The wight resists.
The wall freezes the wight.
The wight hits you with a +3 morningstar of freezing!
* * * LOW HITPOINT WARNING * * *
You feel drained.
* * * LOW HITPOINT WARNING * * *
The wight freezes you.
You die...

#.............#
#.###.....###.#
#.#z#.....# #
#.###.....###
#.............#
#.............#
#.###.###.###.#
#.#z#.#z#.# #
#.@##.###.#
#..........
###########


You could see a wight.

Vanquished Creatures
  Sigmund (D:4)
  A centaur (D:5)
  2 scorpions
  A wight (Ossuary)
  A howler monkey (D:5)
  A centaur zombie (Ossuary)
  An orc priest (D:5)
  4 iguanas
  Ijyb (D:3)
  2 orc wizards
  A mummy (D:5)
  5 adders
  2 adder zombies (Ossuary)
  2 worms (D:2)
  6 orcs
  4 ball pythons
  4 bats
  5 endoplasms
  4 giant cockroaches
  5 goblins
  10 hobgoblins
  8 jackals
  A quokka (D:2)
  A ball python skeleton (Ossuary)
  6 frilled lizards
  A goblin zombie (D:5)
  A hobgoblin skeleton (Ossuary)
  A hobgoblin zombie (Ossuary)
  7 kobolds
  2 kobold zombies (Ossuary)
  2 orc zombies
  5 rats
98 creatures vanquished.

Notes
Turn   | Place    | Note
-------+----------+-------------------------------------------
     0 | D:1      | safid the Merfolk Ice Elementalist began the quest for the
                  | Orb.
     0 | D:1      | Reached XP level 1. HP: 13/13 MP: 3/3
   349 | D:1      | Reached XP level 2. HP: 20/20 MP: 1/5
   471 | D:1      | Reached skill level 1 in Fighting
  1193 | D:2      | Reached XP level 3. HP: 12/26 MP: 0/6
  1202 | D:2      | Learned a level 3 spell: Frozen Ramparts
  1458 | D:2      | Reached skill level 5 in Ice Magic
  1602 | D:2      | Reached XP level 4. HP: 30/33 MP: 8/8
  1925 | D:3      | Found a burning altar of Makhleb.
  1926 | D:3      | Found a basalt altar of Yredelemnul.
  1927 | D:3      | Found a sacrificial altar of Ru.
  1927 | D:3      | Found a shimmering altar of Xom.
  2108 | D:3      | Found a faded altar of an unknown god.
  2181 | D:3      | Noticed Ijyb
  2184 | D:3      | Paralysed by Ijyb for 2 turns
  2192 | D:3      | Paralysed by Ijyb for 5 turns
  2204 | D:3      | Killed Ijyb
  2250 | D:3      | Reached XP level 5. HP: 32/39 MP: 9/9
  2473 | D:3      | Learned a level 3 spell: Ozocubu's Armour
  2680 | D:4      | Found Kuesko Mach's Book Shop.
  2823 | D:4      | Reached XP level 6. HP: 40/47 MP: 7/11
  3032 | D:4      | Found Roettocia's Antique Armour Shop.
  3035 | D:4      | Bought a runed helmet for 172 gold pieces
  3094 | D:4      | Noticed Sigmund
  3115 | D:4      | Killed Sigmund
  3116 | D:4      | Reached skill level 6 in Ice Magic
  3236 | D:4      | Found Cehyofiu's Antique Weapon Shoppe.
  3278 | D:4      | Found a staircase to the Ecumenical Temple.
  3287 | Temple   | Entered the Ecumenical Temple
  3473 | Temple   | Became a worshipper of Vehumet
  3566 | D:4      | Found Nyfurgh's Jewellery Boutique.
  3711 | D:5      | Entered Level 5 of the Dungeon
  3722 | D:5      | Reached XP level 7. HP: 51/55 MP: 6/13
  3873 | D:5      | Found a sand-covered staircase.
  3886 | D:5      | Reached skill level 5 in Fighting
  3888 | Ossuary  | Entered an ossuary
  3934 | Ossuary  | Reached * piety under Vehumet
  3934 | Ossuary  | Offered knowledge of Sandblast by Vehumet.
  4028 | Ossuary  | Reached skill level 7 in Ice Magic
  4084 | Ossuary  | Noticed a wraith
  4084 | Ossuary  | Noticed a flying skull
  4117 | Ossuary  | Noticed a flying skull
  4127 | Ossuary  | Noticed a flying skull
  4150 | Ossuary  | HP: 2/46 [wight/+3 morningstar of freezing (2)]
  4150 | Ossuary  | Slain by a wight

Illustrated notes

Levels and vault maps discovered:
D:1:      amcnicky_arrival_gap_in_the_tavern_cellar, layout_basic
D:2:      layout_basic, minmay_vboxes
D:3:      layout_basic, grunt_temple_overflow_open,
          shapermc_ecumenical_altar_ellora, uniq_ijyb
D:4:      layout_cave_pools, lemuel_temple_firewalk_a, serial_shops, shop,
          shop_fountains, nicolae_shop_back_alley_shop,
          nicolae_shop_behind_doors, minmay_gold_behind_fungi,
          minmay_lizard_king, uniq_sigmund
D:5:      layout_basic, serial_shops, nicolae_shop_crystal, shop, shop,
          nicolae_shop_stone, nicolae_ossuary_entry_giza,
          nicolae_shop_distant_corner_stores, uniq_edmund
Temple:   bh_familiar_temple
Ossuary:  ossuary_due_cavern

Skill      XL: |  1  2  3  4  5  6  7 |
---------------+----------------------+-----
Fighting       | 1 2 3 4 5 |  5.2
Ice Magic      | 5 6 7 |  7.0
Spellcasting   | 3 4 |  4.9
Dodging        | |  2.6
Stealth        | |  2.1

Action                     |  1- 3 |  4- 6 |  7- 9 || total
---------------------------+-------+-------+-------++-------
  Melee: Short sword       |    78 |   122 |   144 ||   344
         Unarmed           |     4 |       |       ||     4
         Punch             |     3 |       |     3 ||     6
   Cast: Freeze            |    24 |     8 |       ||    32
         Frozen Ramparts   |       |     5 |     4 ||     9
         Ozocubu's Armour  |       |     3 |     5 ||     8
   Stab: Distracted        |     1 |       |       ||     1
         Sleeping          |       |     6 |     1 ||     7
 Armour: Robe              |    23 |    16 |    50 ||    89
  Dodge: Dodged            |    73 |    88 |    76 ||   237
